 Dungeon Crawl Stone Soup version 0.27.0-66-gdc8fb28755 (webtiles) character file.

Game seed: 16722876367695276666

107 PentaManta the Skirmisher (level 4, -2/41 HPs)
             Began as a Ghoul Monk on Aug 20, 2021.
             Killed from afar by an orc wizard (6 damage)
             ... with a puff of flame
             ... on level 3 of the Dungeon.
             The game lasted 00:03:04 (1648 turns).

PentaManta the Skirmisher (Ghoul Monk)              Turns: 1648, Time: 00:03:04

Health: -2/41      AC:  8    Str: 15    XL:     4   Next: 86%
Magic:  3/3        EV:  6    Int:  5    God:
Gold:   70         SH:  0    Dex: 11    Spells: 3/3 levels left

rFire    . . .     SeeInvis .     - Unarmed
rCold    + . .     Faith    .   (no shield)
rNeg     + + +     Spirit   .   e - +0 chain mail
rPois    ∞         Reflect  .   (no helmet)
rElec    .         Harm     .   (no cloak)
rCorr    .         Rampage  .   (no gloves)
Will     .....                  (no boots)
Stlth    ..........             (no amulet)
HPRegen  0.00/turn              (no ring)
MPRegen  0.08/turn              (no ring)

@: inhibited regen
A: claws 1, cold resistance 1, negative energy resistance 3, inhibited
regeneration, torment resistance 2
a: no special abilities


You were on level 3 of the Dungeon.
You visited 1 branch of the dungeon, and saw 3 of its levels.

You collected 70 gold pieces.

Inventory:

Missiles
 d - 18 sling bullets
 h - 29 stones (quivered)
Armour
 a - a +0 robe
 b - a +0 kite shield
 e - a +0 chain mail (worn)
Jewellery
 c - an amulet of faith
Scrolls
 f - a scroll of magic mapping {unknown}
 i - a scroll of identify {unknown}
 k - a scroll of teleportation {unknown}
 l - a scroll of vulnerability {unknown}
Potions
 g - a potion of attraction {unknown}
 j - a potion of curing {unknown}
 m - a potion of mutation {unknown}


   Skills:
 - Level 4.3 Fighting
 + Level 3.1 Slings
 - Level 2.6 Dodging
 - Level 2.1 Stealth
 - Level 3.2 Unarmed Combat


You had 3 spell levels left.
You didn't know any spells.
Your spell library was empty.

Dungeon Overview and Level Annotations

Branches:
Dungeon (3/15)

Altars:

Shops:
D:2 =


Innate Abilities, Weirdness & Mutations

You thrive by killing the living.
You are immune to poison.
You have sharp fingernails.
Your flesh is cold resistant. (rC+)
You are immune to negative energy. (rN+++)
You do not regenerate when monsters are visible.
You are immune to unholy pain and torment.


Message History

The goblin is moderately wounded.
The goblin hits you but does no damage.
You claw the goblin!
You kill the goblin!
You closely miss the rat. The rat bites you but does no damage.
You closely miss the rat. The rat barely misses you.
You scratch the rat.
You kill the rat!
You claw the orc!
You kill the orc!
You hear some strange, mumbled words.
A puff of flame appears from out of thin air!
The puff of flame hits you. The orc hits you with a +0 whip.
Things that are here:
a +0 dagger; a +0 dagger; a goblin corpse You scratch the orc.
The orc is heavily wounded.
Something hits you. The orc hits you but does no damage.
You scratch the orc. You claw the orc, but do no damage.
The orc is heavily wounded.
Something hits you. The orc hits you with a +0 whip.
Your chain mail prevents you from hitting the orc.
The orc is heavily wounded.
You hear some strange, mumbled words.
Something tries to affect you, but you resist.
The orc hits you but does no damage.
You closely miss something. The orc hits you but does no damage.
Something hits you.
* * * LOW HITPOINT WARNING * * *
You claw something!
You hear some strange, mumbled words.
A puff of flame appears from out of thin air!
The puff of flame hits you.
* * * LOW HITPOINT WARNING * * *
The orc hits you with a +0 whip.
* * * LOW HITPOINT WARNING * * *
You hear some strange, mumbled words.
A puff of flame appears from out of thin air!
The puff of flame hits you.
You die...

#.# #>...... #..
...#...#..# #.#
#########.##......#
#.###......##.##..#...##
#.##...###.##.##.......
###.#..#..##.##.##.#.#.###
......###.##.##.##....<...
.##.#..#..##.##.##{..#
<...##...###....@)o..#
.######### ####.###..# .#
#.# ..# .# #.# ..# .# #.#
... .# #.# #o.. .. #.#
...# .# #.# .#..


You could see an orc.

Vanquished Creatures
  An orc priest (D:3)
  3 adders (D:2)
  A worm (D:2)
  2 dart slugs (D:2)
  2 orcs (D:3)
  4 endoplasms
  4 goblins
  3 hobgoblins
  4 jackals
  4 kobolds
  3 quokkas
  A ball python (D:2)
  A bat (D:2)
  4 rats
37 creatures vanquished.

Notes
Turn   | Place    | Note
-------+----------+-------------------------------------------
     0 | D:1      | PentaManta the Ghoul Monk began the quest for the Orb.
     0 | D:1      | Reached XP level 1. HP: 19/19 MP: 0/0
   206 | D:1      | Reached XP level 2. HP: 27/27 MP: 1/1
   295 | D:1      | Reached skill level 4 in Fighting
   332 | D:1      | Found a faded altar of an unknown god.
   959 | D:2      | Reached XP level 3. HP: 34/34 MP: 2/2
  1037 | D:2      | Reached skill level 1 in Slings
  1352 | D:2      | Reached XP level 4. HP: 31/41 MP: 3/3
  1496 | D:2      | Found Ziemu's Jewellery Emporium.
  1648 | D:3      | Killed from afar by an orc wizard

Illustrated notes

Levels and vault maps discovered:
D:1:      lightli_arrival_quake, layout_loops_ring,
          ebering_ecumenical_altar_webs, feat_on_display
D:2:      layout_basic, serial_shops, nicolae_shop_stone
D:3:      layout_loops_ring, minmay_misc_feat_room, serial_bayou_lagoon_b,
          uniq_natasha

Skill      XL: |  1  2  3  4 |
---------------+-------------+-----
Fighting       | 4 |  4.3
Slings         | 2 3 |  3.1
Dodging        | |  2.6
Stealth        | |  2.1
Unarmed Combat | |  3.2

Action                   |  1- 3 |  4- 6 || total
-------------------------+-------+-------++-------
Melee: Unarmed           |    85 |    43 ||   128
       Punch             |       |     1 ||     1
Armor: Chain mail        |    38 |    33 ||    71
Dodge: Dodged            |    22 |    10 ||    32
